 Dungeon Crawl Stone Soup version 0.30.1-4-g462c640d31 (webtiles) character file.

Game seed: 9441444979712588602

60 Kranky the Sneak (level 4, 0/34 HPs)
             Began as a Gnoll Wanderer on Sept 2, 2023.
             Succumbed to an adder's poison
             ... on level 2 of the Dungeon.
             The game lasted 00:02:53 (1286 turns).

Kranky the Sneak (Gnoll Wanderer)                   Turns: 1286, Time: 00:02:53

Health: 0/34       AC: 12    Str: 10    XL:     4   Next: 4%
Magic:  8/8        EV:  5    Int: 14    God:
Gold:   64         SH:  0    Dex: 12    Spells: 7/8 levels left

rFire   . . .        a - +0 sling
rCold   . . .        (no shield)
rNeg    . . .        h - +0 chain mail
rPois   .            b - +0 helmet
rElec   .            (no cloak)
rCorr   .            o - +2 pair of gloves
SInv    .            (no boots)
Will    .....        (no amulet) Stlth
                     (no ring)
HPRegen 0.25/turn    (no ring)
MPRegen 0.11/turn

%: no passive effects
@: lethally poisoned (0 -> -5)
A: fangs 1, strong nose, distributed training
a: no special abilities


You were on level 2 of the Dungeon.
You visited 1 branch of the dungeon, and saw 2 of its levels.

You collected 64 gold pieces.

Inventory:

Hand Weapons
 a - a +0 sling (weapon)
 g - a +0 spear
Armour
 b - a +0 helmet (worn)
 d - a +0 robe
 h - a +0 chain mail (worn)
 o - a +2 pair of gloves (worn)
Scrolls
 e - a scroll of identify {unknown}
 l - a scroll of poison {unknown}
 p - a scroll of teleportation {unknown}
 q - a scroll of fear {unknown}
Potions
 c - 2 potions of haste
 f - a potion of lignification {unknown}
 i - a potion of heal wounds {unknown}
 j - a potion of curing {unknown}
 k - a potion of degeneration {unknown}
 m - a potion of berserk rage {unknown}
 n - 3 potions of magic {unknown}


   Skills:
 + Level 2.7 Fighting
 + Level 1.0 Short Blades
 + Level 1.0 Long Blades
 + Level 1.0 Axes
 + Level 1.0 Maces & Flails
 + Level 1.0 Polearms
 + Level 1.0 Staves
 + Level 2.7 Ranged Weapons
 + Level 2.7 Throwing
 + Level 1.0 Armour
 + Level 1.0 Dodging
 + Level 6.0 Stealth
 + Level 1.0 Shields
 + Level 1.0 Unarmed Combat
 + Level 2.9 Spellcasting
 + Level 0.8 Conjurations
 + Level 0.8 Hexes
 + Level 0.8 Summonings
 + Level 0.8 Necromancy
 + Level 3.8 Translocations
 + Level 0.8 Transmutations
 + Level 0.8 Fire Magic
 + Level 0.8 Ice Magic
 + Level 0.8 Air Magic
 + Level 0.8 Earth Magic
 + Level 0.8 Poison Magic
 + Level 1.1 Invocations
 + Level 2.7 Evocations


You had 7 spell levels left.
You knew the following spells:

 Your Spells              Type           Power      Damage    Failure   Level
a - Apportation           Tloc           24%        N/A       90%         1

Your spell library contained the following spells:

 Spells                   Type           Power      Damage    Failure   Level
 Vhi's Electric Charge    Tloc/Air       16%        N/A       100%        3
 Manifold Assault         Tloc           12%        N/A       100%        4


Dungeon Overview and Level Annotations

Branches:
Dungeon (2/15)

Altars:

Annotations:
D:2 Sigmund


Innate Abilities, Weirdness & Mutations

You have very sharp teeth.
Your uncanny sense of smell can sniff out nearby items.
Your experience applies equally to all skills.


Message History

Unknown command.
You shoot a sling bullet.
The sling bullet barely misses the adder.
The adder bites you.
You are poisoned.
The adder poisons you!
The adder bites you but does no damage. x3
The adder barely misses you.
You shoot a sling bullet.
The sling bullet barely misses the adder.
You feel sick. The adder closely misses you.
The adder bites you but does no damage. x3
The adder attacks as you move away! The adder bites you but does no damage.
You feel sick. The adder bites you.
You are more poisoned.
The adder poisons you! The adder bites you but does no damage.
You feel sick. The adder bites you.
You are more poisoned.
The adder poisons you!
* * * LOW HITPOINT WARNING * * *
You feel sick.
* * * LOW HITPOINT WARNING * * *
You feel sick.
* * * LOW HITPOINT WARNING * * *
You feel sick. The adder bites you but does no damage.
The adder attacks as you move away! The adder bites you but does no damage.
You feel sick.
You feel sick.
You shoot a sling bullet. The sling bullet hits the adder.
The adder is almost dead.
* * * LOW HITPOINT WARNING * * *
You feel sick. The adder bites you but does no damage. The adder bites you.
* * * LOW HITPOINT WARNING * * *
You are more poisoned.
The adder poisons you! The adder bites you but does no damage.
Unknown command.
You are too injured to fight recklessly!
You are too injured to fight recklessly!
You shoot a sling bullet. The sling bullet hits the adder.
The adder is almost dead.
You die...

#..# #.# #.#.# .... ...
#.#.# ##... ... #.#.#
##.# ....####.### #.#
#........# ...#######(#
######.### #.....##.#
#.....#
#.##.##.########.....##.
#........SS@............#
#.##############.....####
#. #........ .. #########
##


You could see 2 adders.

Vanquished Creatures
  A gnoll (D:1)
  2 dart slugs
  4 endoplasms (D:1)
  7 goblins
  4 hobgoblins
  4 jackals (D:1)
  3 quokkas (D:1)
  4 ball pythons
  5 bats
  2 frilled lizards
  4 kobolds (D:1)
  A rat (D:1)
41 creatures vanquished.

Notes
Turn   | Place    | Note
-------+----------+-------------------------------------------
     0 | D:1      | Kranky the Gnoll Wanderer began the quest for the Orb.
     0 | D:1      | Kranky set off with the following items: a +0 sling, a +0
                  | helmet, a potion of haste, a +0 robe; and the following
                  | spell memorised: Apportation; and the following spells
                  | available to memorise: Vhi's Electric Charge, Manifold
                  | Assault.
     0 | D:1      | Reached XP level 1. HP: 17/17 MP: 4/4
     1 | D:1      | Noticed an electric eel
   126 | D:1      | Reached XP level 2. HP: 23/23 MP: 5/5
   240 | D:1      | Reached XP level 3. HP: 24/28 MP: 7/7
   242 | D:1      | Reached skill level 6 in Stealth
   389 | D:1      | Reached skill level 1 in Invocations
   782 | D:1      | Reached skill level 1 in Short Blades
   782 | D:1      | Reached skill level 1 in Long Blades
   782 | D:1      | Reached skill level 1 in Axes
   782 | D:1      | Reached skill level 1 in Maces & Flails
   782 | D:1      | Reached skill level 1 in Polearms
   782 | D:1      | Reached skill level 1 in Staves
   782 | D:1      | Reached skill level 1 in Armour
   782 | D:1      | Reached skill level 1 in Dodging
   782 | D:1      | Reached skill level 1 in Shields
   782 | D:1      | Reached skill level 1 in Unarmed Combat
  1110 | D:2      | Noticed Sigmund
  1197 | D:2      | Reached XP level 4. HP: 34/34 MP: 8/8
  1285 | D:2      | HP: 1/34 [adder (2)]
  1286 | D:2      | Succumbed to an adder's poison

Illustrated notes

Levels and vault maps discovered:
D:1:      arrival_aquarium_a, layout_basic
D:2:      layout_loops_ring, uniq_sigmund, uniq_crazy_yiuf_cottage

Skill      XL: |  1  2  3 |
---------------+----------+-----
Stealth        | 6 |  6.0
Invocations    | 1 |  1.1
Short Blades   | 1 |  1.0
Long Blades    | 1 |  1.0
Axes           | 1 |  1.0
Maces & Flails | 1 |  1.0
Polearms       | 1 |  1.0
Staves         | 1 |  1.0
Armour         | 1 |  1.0
Dodging        | 1 |  1.0
Shields        | 1 |  1.0
Unarmed Combat | 1 |  1.0
Fighting       | |  2.7
Ranged Weapons | |  2.7
Throwing       | |  2.7
Spellcasting   | |  2.9
Conjurations   | |  0.8
Hexes          | |  0.8
Summonings     | |  0.8
Necromancy     | |  0.8
Translocations | |  3.8
Transmutations | |  0.8
Fire Magic     | |  0.8
Ice Magic      | |  0.8
Air Magic      | |  0.8
Earth Magic    | |  0.8
Poison Magic   | |  0.8
Evocations     | |  2.7

Action                     |  1- 3 |  4- 6 || total
---------------------------+-------+-------++-------
   Fire: Sling             |   134 |    20 ||   154
    Use: Potion            |     1 |       ||     1
 Armour: Robe              |    13 |       ||    13
         Chain mail        |    65 |    34 ||    99
  Dodge: Dodged            |    60 |    10 ||    70
